 Dungeon Crawl Stone Soup version 0.25-b1-38-g32f9adbbe0 (webtiles) character file.

Game seed: 13016908524426154218

373 Masnef the Frost Mage (level 6, 45/45 HPs)
             Began as a Ghoul Ice Elementalist on June 6, 2020.
             Quit the game on level 2 of the Dungeon on June 7, 2020.
             The game lasted 00:06:44 (2901 turns).

Masnef the Frost Mage (Ghoul Ice Elementalist)      Turns: 2901, Time: 00:06:45

Health: 45/45      AC:  3    Str: 12    XL:     6   Next: 71%
Magic:  3/8        EV: 12    Int: 12    God:
Gold:   166        SH:  0    Dex:  9    Spells: 1/9 levels left

rFire    . . .     SeeInvis .     - Unarmed
rCold    + . .     Gourm    .   (no shield)
rNeg     + + +     Faith    .   a - +0 robe
rPois    ∞         Spirit   .   e - +0 helmet
rElec    .         Reflect  .   (no cloak)
rCorr    .         Harm     .   (no gloves)
MR       .....                  (no boots)
Stlth    ++........             f - amulet of the acrobat
HPRegen  0.15/turn              (no ring)
MPRegen  0.11/turn              (no ring)

@: rotting
A: rotting body, claws 1, carnivore, cold resistance 1, negative energy
resistance 3, inhibited regeneration, torment resistance, unbreathing
a: no special abilities


You were on level 2 of the Dungeon.
You were very hungry.

You visited 1 branch of the dungeon, and saw 3 of its levels.

You collected 166 gold pieces.

Inventory:

Armour
 a - a +0 robe (worn)
 e - a +0 helmet (worn)
Jewellery
 f - an amulet of the acrobat (around neck)
Scrolls
 d - a scroll of random uselessness {unknown}
 h - 2 scrolls of remove curse {unknown}
 i - a scroll of amnesia {unknown}
 k - 2 scrolls of fog {unknown}
 l - a scroll of enchant armour {unknown}
 m - a scroll of teleportation {unknown}
Potions
 g - a potion of flight {unknown}
 j - a potion of stabbing {unknown}
 n - 4 potions of heal wounds {unknown}
 o - a potion of lignification {unknown}
Comestibles
 b - 4 chunks of flesh
 c - 7 rations


   Skills:
 - Level 1.7 Dodging
 - Level 2.2 Stealth
 - Level 2.0 Unarmed Combat
 - Level 2.0 Spellcasting
 + Level 8.1 Ice Magic


You had one spell level left.
You knew the following spells:

 Your Spells              Type           Power        Failure   Level  Hunger
a - Freeze                Ice            ###.         1%          1    ##.....
b - Frozen Ramparts       Ice            ###...       2%          3    ####...
c - Summon Ice Beast      Ice/Summ       ##......     45%         4    #####..

Your spell library contained the following spells:

 Spells                   Type           Power        Failure   Level  Hunger
 Ozocubu's Armour         Chrm/Ice       ##......     16%         3    ####...
 Hailstorm                Conj/Ice       ##......     45%         4    #####..


Dungeon Overview and Level Annotations

Branches:
Dungeon (3/15)

Altars:
Gozag

Shops:
D:2 *


Innate Abilities, Weirdness & Mutations

Your body is rotting away.
You thrive on raw meat.
You are immune to poison.
You have sharp fingernails.
You are carnivorous and can eat meat at any time.
Your flesh is cold resistant. (rC+)
You are immune to negative energy. (rN+++)
You do not regenerate when monsters are visible.
You are immune to unholy pain and torment.
You can survive without breathing.


Message History

Aiming: Freeze (safe; 1% risk of failure)
Press: ? - help, Shift-Dir - straight line, f/p - gnoll
Aim: a gnoll, wielding a +0 flail (moderately wounded)
You freeze the gnoll.
The gnoll is heavily wounded.
The gnoll barely misses you.
Casting: Freeze (safe; 1% risk of failure)
Confirm with . or Enter, or press ? or * to list all spells.
Aiming: Freeze (safe; 1% risk of failure)
Press: ? - help, Shift-Dir - straight line, f/p - gnoll
Aim: a gnoll, wielding a +0 flail (heavily wounded)
You freeze the gnoll!
You kill the gnoll!
This spell is extremely dangerous to cast!
Memorise Summon Ice Beast, consuming 4 spell levels and leaving 1?
You start memorising the spell.
You continue memorising. x4
You finish memorising.
Spell assigned to 'c'.
Welcome back, Masnef the Ghoul Ice Elementalist.
Press ? for a list of commands and other information.
Are you sure you want to abandon this character and quit the game? (Confirm with "yes".)

..(####.≈....⌠.⌠.≈......# #
#........._...∩..≈.####.#########
..).....≈....⌠.⌠.≈...............
........≈≈≈≈.....≈.####.#########
.##(###....≈≈≈≈≈≈≈.# #.#########
.##(# #...#.#.#....# #..........
.##.# ###.#.#.#....# ###########
.##.# #.#.#.#.)>.# ###< ..#.#
#.#...#.@..# #.## #.#.#
#.#####....# #.## #.#.#
#.#####....#### #... #...#
#.............########.## ##).#
.......######)#.........# #..#
%...... #.#.........# #..#
....... #.#.........# #..#
......( #.#.........# ##.#
....... #.#.........#


There were no monsters in sight!

Vanquished Creatures
  A black bear (D:2)
  An ogre (D:3)
  An orc priest (D:3)
  4 gnolls
  6 adders
  2 oozes
  A worm (D:3)
  A dart slug (D:1)
  5 orcs (D:3)
  8 bats
  2 giant cockroaches
  7 goblins
  4 hobgoblins
  9 jackals
  9 kobolds
  A quokka (D:2)
  3 frilled lizards (D:2)
  6 rats
71 creatures vanquished.

Notes
Turn   | Place    | Note
-------+----------+-------------------------------------------
     0 | D:1      | Masnef the Ghoul Ice Elementalist began the quest for the
                  | Orb.
     0 | D:1      | Reached XP level 1. HP: 14/14 MP: 2/2
   131 | D:1      | Reached skill level 5 in Ice Magic
   131 | D:1      | Reached XP level 2. HP: 20/20 MP: 0/3
   375 | D:1      | Reached XP level 3. HP: 16/26 MP: 2/4
   586 | D:1      | Learned a level 3 spell: Frozen Ramparts
  1615 | D:2      | Found an opulent altar of Gozag.
  1620 | D:2      | Found Gozag's Platinum Reserve.
  1710 | D:2      | Reached XP level 4. HP: 33/33 MP: 2/6
  1979 | D:2      | Noticed a black bear
  1991 | D:2      | Killed a black bear
  1991 | D:2      | Reached skill level 1 in Unarmed Combat
  1991 | D:2      | Reached skill level 6 in Ice Magic
  1991 | D:2      | Reached XP level 5. HP: 23/38 MP: 0/7
  2378 | D:3      | Reached skill level 7 in Ice Magic
  2383 | D:3      | Reached XP level 6. HP: 19/45 MP: 1/8
  2709 | D:3      | Reached skill level 8 in Ice Magic
  2901 | D:2      | Learned a level 4 spell: Summon Ice Beast
  2901 | D:2      | Upgraded the game from 0.25-b1-37-g2669288c55 to
                  | 0.25-b1-38-g32f9adbbe0
  2901 | D:2      | Quit the game

Illustrated notes

Levels and vault maps discovered:
D:1:      nzn_arrival_crosshair, layout_basic, st_stairs_9
D:2:      kennysheep_the_goblin_king, layout_basic, first_ration, serial_curves,
          eino_curves_01, eino_curves_02, nicolae_gozag_zags_fifth_avenue
D:3:      layout_rooms, elyvilon_altar_5, minitemple

Skill      XL: |  1  2  3  4  5  6 |
---------------+-------------------+-----
Ice Magic      | 5 6 7 8 |  8.1
Spellcasting   | 2 |  2.0
Unarmed Combat | 1 2 |  2.0
Dodging        | |  1.7
Stealth        | |  2.2

Action                   |  1- 3 |  4- 6 || total
-------------------------+-------+-------++-------
Melee: Unarmed           |    42 |    39 ||    81
 Cast: Freeze            |    42 |    30 ||    72
       Frozen Ramparts   |     1 |     7 ||     8
  Eat: Chunk             |     4 |     4 ||     8
Armor: Robe              |    13 |     7 ||    20
Dodge: Dodged            |    85 |    64 ||   149
